Euphox, chaotic male human Wizard ------ ------ -------------- ##-^...| |....-############################.............| # |.....[ |....| ##|............|##############-....|# |....-#######------- ##|.........<..|# # ------# |....| #|.....| ##|............|# # # -+---- #|.....| ##----|---------# # #|.....| )# ############# # #|......# ### # # # # # #......|# # # ### ## ### ------.- ###-------### ### # # ---.--|-- % -------- |.......*##################-----### |.......| # .......| |......|### ### |....# |....Y..| %|.......| |......|# # |...|# |.....^.. #........| |....<..# ###|...|# --------- |.>.....| |......| #-..*|# -------- -------- |....# ----- Euphox the Thaumaturge Experience level: 7 Strength: 13 Dexterity: 16 Constitution: 13 Intelligence: 18 Wisdom: 10 Charisma: 9 Health: 0(55) Energy: 7(63) AC: 7 Gold: 106 Moves: 2783 Your Inventory: Coins $ - 106 gold pieces Weapons a - a blessed +2 quarterstaff (weapon in hands) Armor b - an uncursed +0 cloak of magic resistance p - a [blessed] +1 studded leather armor [of fire resistance] u - a [blessed +0] Hawaiian shirt C - an [uncursed] +1 robe (being worn) Comestibles n - 4 [uncursed] food rations Scrolls j - an uncursed scroll of light Spellbooks k - a blessed spellbook of force bolt l - an uncursed spellbook of light A - an [uncursed] ochre spellbook [of detect monsters] Potions f - 2 uncursed potions of restore ability q - an [uncursed] cloudy potion [of invisibility] r - an [uncursed] ochre potion [of sleeping] w - an [uncursed] emerald potion [of object detection] Rings d - an uncursed ring of shock resistance (on right hand) e - an uncursed ring of invisibility (on left hand) Wands c - an uncursed wand of cancellation (0:4) B - an [uncursed] wand of cancellation [0:4] Tools v - an [uncursed] blindfold Gems m - an [uncursed] yellow gem [worthless glass] x - an [uncursed] yellow gem [chrysoberyl] Spells known in the end: Name Level Category Fail Memory a - force bolt 1 attack 0% [|||||||.] b - light 1 divination 0% [|||||||.] Your skills at the end: Fighting Skills Weapon Skills quarterstaff [Basic / Expert] Spellcasting Skills attack spells [Basic / Expert] enchantment spells [Basic / Skilled] Final Attributes: You were piously aligned. Hunger level was 261. Your alignment was 23 / 23. Monster difficulty range was 1 - 7. Level difficulty was 8. You were immune to electricity. You were invisible. You aggravated monsters. Your luck was zero. You are dead (2nd time!). Vanquished creatures: 4 leprechauns a gnome king an orc mummy a snake a rock piercer a gnomish wizard a guardian naga hatchling a ghoul a little dog a kobold lord a kobold shaman 3 hill orcs a rothe an orc zombie a werejackal an iguana a gas spore a hobbit 5 manes a giant rat a yellow mold 2 gnomes a gnome zombie a gecko 4 jackals 2 goblins a grid bug a bat 2 lichens 4 newts 48 creatures vanquished. Voluntary challenges: You used a wielded weapon 40 times. You read items or engraved 66 times. You put on armor 3 times. You never genocided any monsters. You never polymorphed an object. You never changed form. You used no wishes. You wrote Elbereth's name 49 times. You never encountered a bones level. You never used any Sokoban shortcuts. Dungeon overview: The Dungeons of Doom: levels 1 to 8 Level 1 a sink a long staircase Level 2 a sink Level 4 a fountain Level 5 some fountains Level 7 many fountains Level 8 <- You were here a long staircase History has recorded: On T:1 you entered the Dungeons of Doom to retrieve the Amulet of Yendor! On T:320 you reached level 2 of The Dungeons of Doom. On T:322 you advanced to experience level 2. On T:780 you reached level 3 of The Dungeons of Doom. On T:796 you reached level 4 of The Dungeons of Doom. On T:805 you advanced to experience level 3. On T:1105 you advanced to experience level 4. On T:1335 you reached level 5 of The Dungeons of Doom. On T:2118 you reached level 7 of The Dungeons of Doom. On T:2152 you advanced to experience level 5. On T:2210 you advanced to experience level 6. On T:2252 you were saved from death by your amulet of life saving! On T:2255 you reached level 8 of The Dungeons of Doom. On T:2570 you advanced to experience level 7. Latest messages: [HP+1=12] You add "Elbereth" with your fingers to the writing in the dust. You write "Elbereth" with your fingers into the dust. You add "Elbereth" with your fingers to the writing in the dust. [HP+1=13] You write "Elbereth" with your fingers into the dust. The leprechaun hits! Your purse feels lighter. [HP-2=11] [HP+1=12] You write "Elbereth" with your fingers into the dust. The dust vortex turns to flee! A lit field surrounds you! You add "Elbereth" with your fingers to the writing in the dust. [HP+1=13] [HP+1=14] [HP+1=15] [HP+1=16] [HP+1=17] [HP+1=18] You hear a door open. A cloud of gas puts you to sleep! [HP+1=19] The owlbear hits! (2x) You die... Final status: Goodbye Euphox the Wizard... You died in The Dungeons of Doom on dungeon level 8 with 3251 points, and 106 pieces of gold, after 2783 moves. You were level 7 with a maximum of 55 hit points when you died.